General information
			
			
        
        - name: BNet
 
        - type: Ladder team game (AT/RT)
 
        - host: Battle.net
 
        - saver: DedNiggrStorage
 
        
map: PhantomGrove 
        - players: 4
 
        - length: 14:38
 
        - speed: Fast
 - version: 1.22 W3XP
 - replay type:  Public
 
» download(92 KB)
Players
        team 1 (loser) 
              
              
GrandpaGimp (
yellow | 81 APM | 1179 actions | 14:33)
              
 2 Archmage 
 1 Summon Water Elemental
 1 Brilliance Aura
 1 Paladin 
 1 Holy Light
 
                » actions 
                
                | Assign group hotkey | 56 |  | 
| Basic commands | 107 |  | 
| Build / train | 42 |  | 
| ESC pressed | 1 |  | 
| Enter build submenu | 25 |  | 
| Enter hero's abilities submenu | 3 |  | 
| Remove unit from queue | 1 |  | 
| Right click | 483 |  | 
| Select / deselect | 251 |  | 
| Select group hotkey | 172 |  | 
| Use ability | 38 |  | 
                1179 total
 » units 
                
                | Peasant | 17 |  | 
| Footman | 7 |  | 
| Rifleman | 1 |  | 
| Mortar Team | 5 |  | 
| Sorceress | 1 |  | 
                31 total
 » upgrades
                
                | Flare | 1 |  | 
| Sorceress Training | 1 |  | 
                2 total
 » buildings
                
                | Altar of Kings | 1 |  | 
| Farm | 9 |  | 
| Barracks | 1 |  | 
| Scout Tower | 2 |  | 
| Arcane Tower | 1 |  | 
| Lumber Mill | 1 |  | 
| Keep | 1 |  | 
| Blacksmith | 1 |  | 
| Workshop | 2 |  | 
| Arcane Sanctum | 1 |  | 
| Arcane Vault | 1 |  | 
                21 total
 » build order
                00:03 Altar of Kings
00:17 Farm
00:33 Barracks
00:52 Farm
01:33 Farm
01:53 Scout Tower
02:16 Scout Tower
02:45 Arcane Tower
02:49 Lumber Mill
04:05 Farm
04:07 Keep
04:56 Farm
06:18 Farm
06:57 Blacksmith
08:02 Workshop
08:07 Workshop
08:09 Arcane Sanctum
10:22 Farm
10:23 Farm
11:11 Arcane Vault
13:06 Farm
» items
                 
               
              
              
Homieg33 (
orange | 152 APM | 2223 actions | 14:36)
              
 1 Blademaster 
 1 Wind Walk
 2 Shadow Hunter 
 1 Hex
 1 Healing Wave
 
                » actions 
                
                | Assign group hotkey | 28 |  | 
| Basic commands | 281 |  | 
| Build / train | 50 |  | 
| ESC pressed | 6 |  | 
| Enter build submenu | 17 |  | 
| Enter hero's abilities submenu | 3 |  | 
| Right click | 770 |  | 
| Select / deselect | 398 |  | 
| Select group hotkey | 577 |  | 
| Use ability | 93 |  | 
                2223 total
 » units 
                
                | Peon | 11 |  | 
| Grunt | 13 |  | 
| Raider | 3 |  | 
| Spirit Walker | 3 |  | 
                30 total
 » upgrades
                
                | Berserker Strength | 1 |  | 
| Ensnare | 1 |  | 
| Spirit Walker Training | 1 |  | 
                3 total
 » buildings
                
                | Altar of Storms | 1 |  | 
| Orc Burrow | 5 |  | 
| Barracks | 1 |  | 
| War Mill | 1 |  | 
| Voodoo Lounge | 3 |  | 
| Stronghold | 4 |  | 
| Watch Tower | 2 |  | 
| Beastiary | 1 |  | 
| Spirit Lodge | 1 |  | 
| Fortress | 1 |  | 
                20 total
 » build order
                00:04 Altar of Storms
00:18 Orc Burrow
00:38 Barracks
01:29 Orc Burrow
02:32 War Mill
03:22 Voodoo Lounge
04:22 Voodoo Lounge
05:17 Stronghold
05:17 Stronghold
05:17 Stronghold
05:29 Watch Tower
06:42 Watch Tower
07:06 Orc Burrow
08:05 Beastiary
08:07 Spirit Lodge
08:32 Orc Burrow
08:39 Voodoo Lounge
12:22 Fortress
12:53 Orc Burrow
» items
                
                | Healing Salve | 3 |  | 
| Lesser Clarity Potion | 2 |  | 
| Scroll of Speed | 2 |  | 
                7 total
  
               team 2 (winner) 
              
              
AShamefulNiggr (
blue | 96 APM | 1397 actions | 14:37)
              
 3 Archmage 
 2 Blizzard
 1 Brilliance Aura
 2 Blood Mage 
 1 Flame Strike
 1 Siphon Mana
 
                » actions 
                
                | Assign group hotkey | 7 |  | 
| Basic commands | 21 |  | 
| Build / train | 70 |  | 
| ESC pressed | 1 |  | 
| Enter build submenu | 37 |  | 
| Enter hero's abilities submenu | 5 |  | 
| Give item / drop item | 7 |  | 
| Right click | 717 |  | 
| Select / deselect | 226 |  | 
| Select group hotkey | 206 |  | 
| Use ability | 100 |  | 
                1397 total
 » units 
                » upgrades
                
                | Masonry | 2 |  | 
| Lumber Harvesting | 1 |  | 
| Magic Sentry | 1 |  | 
                4 total
 » buildings
                
                | Altar of Kings | 1 |  | 
| Farm | 4 |  | 
| Scout Tower | 35 |  | 
| Lumber Mill | 1 |  | 
| Arcane Tower | 8 |  | 
| Guard Tower | 16 |  | 
| Arcane Vault | 1 |  | 
| Town Hall | 2 |  | 
| Keep | 1 |  | 
| Arcane Sanctum | 1 |  | 
                70 total
 » build order
                00:06 Altar of Kings
00:20 Farm
00:21 Scout Tower
00:46 Lumber Mill
00:51 Arcane Tower
01:28 Farm
01:39 Scout Tower
02:17 Guard Tower
02:48 Scout Tower
03:19 Guard Tower
03:27 Scout Tower
03:28 Scout Tower
03:29 Scout Tower
03:30 Scout Tower
03:37 Arcane Vault
04:30 Guard Tower
04:33 Town Hall
04:36 Scout Tower
05:15 Scout Tower
05:16 Scout Tower
05:20 Arcane Tower
05:57 Keep
07:03 Scout Tower
07:05 Scout Tower
07:06 Scout Tower
07:09 Arcane Tower
07:10 Guard Tower
07:11 Scout Tower
07:12 Scout Tower
07:12 Scout Tower
07:30 Farm
07:32 Farm
07:57 Arcane Tower
07:58 Guard Tower
08:14 Guard Tower
08:58 Guard Tower
08:59 Arcane Tower
09:19 Scout Tower
09:20 Scout Tower
09:20 Scout Tower
09:21 Scout Tower
09:23 Scout Tower
09:23 Scout Tower
09:38 Arcane Sanctum
09:52 Arcane Tower
09:53 Guard Tower
10:08 Guard Tower
10:52 Guard Tower
10:54 Guard Tower
11:01 Scout Tower
11:02 Scout Tower
11:03 Scout Tower
11:25 Scout Tower
11:26 Scout Tower
11:33 Guard Tower
11:37 Arcane Tower
12:16 Town Hall
12:23 Guard Tower
12:44 Scout Tower
12:44 Scout Tower
12:46 Scout Tower
12:46 Scout Tower
12:50 Arcane Tower
12:54 Guard Tower
13:36 Guard Tower
13:54 Guard Tower
14:02 Scout Tower
14:04 Scout Tower
14:05 Scout Tower
14:20 Scout Tower
» items
                
                | Healing Salve | 3 |  | 
| Staff of Teleportation | 2 |  | 
| Boots of Speed | 2 |  | 
| Scroll of Regeneration | 1 |  | 
| Lesser Clarity Potion | 1 |  | 
| Potion of Healing | 2 |  | 
| Orb of Lightning | 1 |  | 
                12 total
  
               
              
              
DedNiggrStorage (
red | 106 APM | 1551 actions | 14:38)
              
 3 Blademaster 
 2 Wind Walk
 1 Critical Strike
 1 Shadow Hunter 
 1 Healing Wave
 1 Naga Sea Witch 
 1 Frost Arrows
 
                » actions 
                
                | Assign group hotkey | 28 |  | 
| Basic commands | 7 |  | 
| Build / train | 51 |  | 
| ESC pressed | 4 |  | 
| Enter build submenu | 36 |  | 
| Enter hero's abilities submenu | 5 |  | 
| Give item / drop item | 11 |  | 
| Right click | 832 |  | 
| Select / deselect | 172 |  | 
| Select group hotkey | 313 |  | 
| Use ability | 92 |  | 
                1551 total
 » units 
                » upgrades
                » buildings
                
                | Altar of Storms | 1 |  | 
| Orc Burrow | 4 |  | 
| Voodoo Lounge | 3 |  | 
| War Mill | 1 |  | 
| Watch Tower | 20 |  | 
| Stronghold | 2 |  | 
| Fortress | 2 |  | 
| Beastiary | 2 |  | 
                35 total
 » build order
                00:08 Altar of Storms
00:20 Orc Burrow
00:52 Voodoo Lounge
01:09 War Mill
01:47 Orc Burrow
02:27 Watch Tower
02:50 Watch Tower
03:32 Watch Tower
04:51 Voodoo Lounge
05:00 Stronghold
05:00 Stronghold
05:07 Watch Tower
05:41 Watch Tower
05:55 Watch Tower
06:25 Watch Tower
06:26 Watch Tower
06:57 Watch Tower
07:56 Watch Tower
08:03 Watch Tower
08:19 Watch Tower
08:21 Watch Tower
08:49 Voodoo Lounge
09:11 Fortress
09:12 Fortress
09:17 Watch Tower
10:58 Watch Tower
11:00 Beastiary
11:02 Beastiary
11:04 Watch Tower
11:06 Watch Tower
11:08 Watch Tower
11:28 Watch Tower
11:32 Orc Burrow
12:16 Orc Burrow
» items
                
                | Healing Salve | 3 |  | 
| Lesser Clarity Potion | 5 |  | 
| Circlet of Nobility | 2 |  | 
| Staff of Teleportation | 2 |  | 
| Boots of Speed | 1 |  | 
| Potion of Lesser Invulnerability | 1 |  | 
| Tiny Great Hall | 1 |  | 
| Orb of Lightning | 1 |  | 
                16 total
  
                Chat log
          (00:10 / Allies) AShamefulNiggr: didnt realise it was up
(00:42 / All) GrandpaGimp: gl hf
(00:45 / All) DedNiggrStorage: gl n HF
(00:49 / All) Homieg33: wtf ur names are stupid
(00:55 / All) DedNiggrStorage: stfu fag
(01:00 / All) AShamefulNiggr: a shameful dead nigger in storage
(01:12 / All) Homieg33: ye
(01:15 / All) Homieg33: stupid...
(02:06 / All) GrandpaGimp: try and bm harass me
(02:12 / All) DedNiggrStorage: kk
(03:53 / Allies) AShamefulNiggr: welp
(05:47 / Allies) AShamefulNiggr: bootz
(06:47 / Allies) AShamefulNiggr: welpp
(06:50 / Allies) AShamefulNiggr: yes
(08:27 / Allies) AShamefulNiggr: yah
(08:30 / Allies) AShamefulNiggr: i can expo
(10:34 / Allies) AShamefulNiggr: lolll
(10:59 / All) AShamefulNiggr: indeed no point to blade harrass
(11:16 / All) DedNiggrStorage: why harass u when u suicide all units @ my base
(13:24 / Allies) AShamefulNiggr: welp
(14:13 / Allies) DedNiggrStorage: ugh
(14:35 / All) DedNiggrStorage: 2ez